TOP OF THE 1ST |
Kentucky Wildcats batting - Pitching for Mississippi Rebels : LHP Arthur Ferguson
|
Pitching: LHP Arthur Ferguson
|
|
Batting: RHB Lewis Childress
|
0-0: Ball 1-0: Called Strike 1-1: Foul Ball, location: 2F 1-2: Foul Ball, location: 2F 1-2: Strikes out looking
|
Batting: LHB Matt Taylor
|
0-0: Hit by Pitch
|
Batting: RHB Pat Johnston
|
0-0: Ball 1-0: Foul Ball, location: 2F 1-1: Swinging Strike 1-2: Ball 2-2: Ground out 6-3 (Groundball, 6S) Matt Taylor to second
|
Batting: LHB Mark Sanders
|
0-0: Swinging Strike 0-1: Foul Ball, location: 2F 0-2: Strikes out swinging
|
Top of the 1st over - 0 run(s), 0 hit(s), 0 error(s), 1 left on base; Kentucky 0 - Mississippi 0 |
BOTTOM OF THE 1ST |
Mississippi Rebels batting - Pitching for Kentucky Wildcats : RHP Jorge Bonella
|
Pitching: RHP Jorge Bonella
|
|
Batting: RHB Jon Waller
|
0-0: Called Strike 0-1: Swinging Strike 0-2: Ball 1-2: Ball 2-2: Ball 3-2: Foul Ball, location: 2F 3-2: Foul Ball, location: 2F 3-2: Base on Balls
|
Batting: RHB Owen Parra
|
0-0: Called Strike 0-1: Called Strike 0-2: Fly out, F9 (Flyball, 9S)
|
Batting: LHB Ryan Miller
|
0-0: Ball 1-0: Ball 2-0: Called Strike 2-1: Grounds into double play, 4-6-3 (Groundball, 4MD)
|
Bottom of the 1st over - 0 run(s), 0 hit(s), 0 error(s), 0 left on base; Kentucky 0 - Mississippi 0 |
TOP OF THE 2ND |
Kentucky Wildcats batting - Pitching for Mississippi Rebels : LHP Arthur Ferguson
|
Batting: RHB Haywood Young
|
0-0: Called Strike 0-1: Ground out 4-3 (Groundball, 4)
|
Batting: RHB Jacob Burke
|
0-0: Called Strike 0-1: Foul Ball, location: 2F 0-2: Ball 1-2: Strikes out swinging
|
Batting: RHB Johnny Carson
|
0-0: Swinging Strike 0-1: Called Strike 0-2: Ball 1-2: Ball 2-2: Strikes out swinging
|
Top of the 2nd over - 0 run(s), 0 hit(s), 0 error(s), 0 left on base; Kentucky 0 - Mississippi 0 |
BOTTOM OF THE 2ND |
Mississippi Rebels batting - Pitching for Kentucky Wildcats : RHP Jorge Bonella
|
Batting: RHB Lou Hammond
|
0-0: Ball 1-0: Ball 2-0: Fly out, F9 (Flyball, 9LS)
|
Batting: LHB John Allen
|
0-0: Ball 1-0: Ball 2-0: Called Strike 2-1: Foul Ball, location: 2F 2-2: SINGLE (Line Drive, 78S)
|
Batting: SHB Jack Hendrix
|
0-0: Ball 1-0: Ball 2-0: Ground out 3-1 (Groundball, 34S) John Allen to second
|
Batting: RHB Jesús Estrada
|
0-0: Ground out 6-3 (Groundball, 6)
|
Bottom of the 2nd over - 0 run(s), 1 hit(s), 0 error(s), 1 left on base; Kentucky 0 - Mississippi 0 |
TOP OF THE 3RD |
Kentucky Wildcats batting - Pitching for Mississippi Rebels : LHP Arthur Ferguson
|
Batting: RHB Andy Johnston
|
0-0: Swinging Strike 0-1: Ball 1-1: SINGLE (Groundball, 56S) (infield hit)
|
Batting: LHB Caden Cleveland
|
0-0: Ball 1-0: Foul Ball, location: 2F 1-1: Foul Ball, location: 2F 1-2: Foul Ball, location: 2F 1-2: 2-RUN HOME RUN (Flyball, 78XD), Distance : 364 ft
|
Batting: RHB Lewis Childress
|
0-0: Ball 1-0: Ball 2-0: Called Strike 2-1: Ball 3-1: Swinging Strike 3-2: Base on Balls
|
Batting: LHB Matt Taylor
|
0-0: Ball 1-0: Called Strike 1-1: Ball 2-1: Foul Ball, location: 2F 2-2: Strikes out looking Lewis Childress steals 2nd base Batter strikes out.
|
Batting: RHB Pat Johnston
|
0-0: Called Strike 0-1: Ball 1-1: SINGLE (Line Drive, 89S) Lewis Childress to third Runner from 3rd tries for Home, SAFE, no throw
|
Batting: LHB Mark Sanders
|
0-0: Ball 1-0: Ball 2-0: Called Strike 2-1: Foul Ball, location: 2F 2-2: Foul Ball, location: 2F 2-2: Ball 3-2: Foul Ball, location: 2F 3-2: Base on Balls Pat Johnston to second
|
Batting: RHB Haywood Young
|
0-0: Called Strike 0-1: Ball 1-1: Foul Ball, location: 2F 1-2: Ball 2-2: Strikes out swinging
|
Batting: RHB Jacob Burke
|
0-0: Foul Ball, location: 2F 0-1: Ball 1-1: Called Strike 1-2: Ball 2-2: Ball 3-2: Strikes out swinging
|
Top of the 3rd over - 3 run(s), 3 hit(s), 0 error(s), 2 left on base; Kentucky 3 - Mississippi 0 |
BOTTOM OF THE 3RD |
Mississippi Rebels batting - Pitching for Kentucky Wildcats : RHP Jorge Bonella
|
Batting: RHB Mac Clark
|
0-0: Fly out, F8 (Flyball, 8RM)
|
Batting: RHB Jesús Pérez
|
0-0: Called Strike 0-1: Foul Ball, location: 2F 0-2: Ball 1-2: Foul Ball, location: 2F 1-2: Strikes out swinging
|
Batting: RHB Jon Waller
|
0-0: Ball 1-0: Ball 2-0: Fly out, F5 (Popup, 5S)
|
Bottom of the 3rd over - 0 run(s), 0 hit(s), 0 error(s), 0 left on base; Kentucky 3 - Mississippi 0 |
TOP OF THE 4TH |
Kentucky Wildcats batting - Pitching for Mississippi Rebels : LHP Arthur Ferguson
|
Batting: RHB Johnny Carson
|
0-0: Ball 1-0: Called Strike 1-1: Ball 2-1: Foul Ball, location: 2F 2-2: Ball 3-2: Ground out 6-3 (Groundball, 6D)
|
Batting: RHB Andy Johnston
|
0-0: Called Strike 0-1: Ball 1-1: Ball 2-1: Foul Ball, location: 2F 2-2: Strikes out swinging
|
Batting: LHB Caden Cleveland
|
0-0: Ball 1-0: Ball 2-0: Ball 3-0: Called Strike 3-1: Swinging Strike 3-2: Strikes out looking
|
Top of the 4th over - 0 run(s), 0 hit(s), 0 error(s), 0 left on base; Kentucky 3 - Mississippi 0 |
BOTTOM OF THE 4TH |
Mississippi Rebels batting - Pitching for Kentucky Wildcats : RHP Jorge Bonella
|
Batting: RHB Owen Parra
|
0-0: Called Strike 0-1: Called Strike 0-2: Foul Ball, location: 2F 0-2: Ball 1-2: Strikes out swinging
|
Batting: LHB Ryan Miller
|
0-0: Swinging Strike 0-1: Ball 1-1: Called Strike 1-2: Ball 2-2: Strikes out swinging
|
Batting: RHB Lou Hammond
|
0-0: Ball 1-0: Called Strike 1-1: Foul Ball, location: 2F 1-2: Foul Ball, location: 2F 1-2: Ball 2-2: Ball 3-2: Ground out 6-3 (Groundball, 6)
|
Bottom of the 4th over - 0 run(s), 0 hit(s), 0 error(s), 0 left on base; Kentucky 3 - Mississippi 0 |
TOP OF THE 5TH |
Kentucky Wildcats batting - Pitching for Mississippi Rebels : LHP Arthur Ferguson
|
Pitching: RHP Mario Pérez
|
|
Batting: RHB Lewis Childress
|
0-0: Ball 1-0: Ball 2-0: Called Strike 2-1: DOUBLE (Line Drive, 78D)
|
Batting: LHB Matt Taylor
|
0-0: Ball 1-0: Ball 2-0: Swinging Strike 2-1: Ball 3-1: Base on Balls
|
Batting: RHB Pat Johnston
|
0-0: Called Strike 0-1: Foul Ball, location: 2F 0-2: SINGLE (Line Drive, 78S) Lewis Childress to third Matt Taylor to second
|
Batting: LHB Mark Sanders
|
0-0: Swinging Strike 0-1: Swinging Strike 0-2: Ball 1-2: Ball 2-2: Strikes out swinging
|
Batting: RHB Haywood Young
|
0-0: Ball 1-0: Fly out, F4 (Popup, 4D)
|
Batting: RHB Jacob Burke
|
0-0: SINGLE (Popup, 5D) Lewis Childress scores Matt Taylor to third Pat Johnston to second Runner from 3rd tries for Home, SAFE, no throw
|
Batting: RHB Johnny Carson
|
0-0: Called Strike 0-1: Ball 1-1: Ball 2-1: SINGLE (Line Drive, 3D) Pat Johnston to third Jacob Burke to second Runner from 3rd tries for Home, SAFE, no throw
|
Pitching: RHP Chris Roy
|
|
Batting: RHB Andy Johnston
|
0-0: Ball 1-0: Foul Ball, location: 2F 1-1: Ball 2-1: Ball 3-1: Base on Balls Jacob Burke to third Johnny Carson to second
|
Batting: LHB Caden Cleveland
|
0-0: Foul Ball, location: 2F 0-1: Called Strike 0-2: Fly out, F6 (Flyball, 6MD)
|
Top of the 5th over - 3 run(s), 4 hit(s), 0 error(s), 3 left on base; Kentucky 6 - Mississippi 0 |
BOTTOM OF THE 5TH |
Mississippi Rebels batting - Pitching for Kentucky Wildcats : RHP Jorge Bonella
|
Batting: LHB John Allen
|
0-0: Ball 1-0: Ball 2-0: Ball 3-0: Base on Balls
|
Batting: SHB Jack Hendrix
|
0-0: Ball 1-0: Ball 2-0: Fielders Choice at 2nd, 5-4 (Groundball, 56)
|
Batting: RHB Jesús Estrada
|
0-0: Ball 1-0: Fly out, F8 (Flyball, 8RM)
|
Batting: RHB Mac Clark
|
0-0: Called Strike 0-1: Swinging Strike 0-2: Ball 1-2: Ball 2-2: Strikes out swinging
|
Bottom of the 5th over - 0 run(s), 0 hit(s), 0 error(s), 1 left on base; Kentucky 6 - Mississippi 0 |
TOP OF THE 6TH |
Kentucky Wildcats batting - Pitching for Mississippi Rebels : RHP Chris Roy
|
Batting: RHB Lewis Childress
|
0-0: Ball 1-0: Ball 2-0: Called Strike 2-1: Foul Ball, location: 2F 2-2: Ball 3-2: Foul Ball, location: 2F 3-2: Foul Ball, location: 2F 3-2: Fly out, F6 (Popup, 56D)
|
Batting: LHB Matt Taylor
|
0-0: Swinging Strike 0-1: Foul Ball, location: 2F 0-2: Ball 1-2: Foul Ball, location: 2F 1-2: Strikes out looking
|
Batting: RHB Pat Johnston
|
0-0: Ball 1-0: Ground out 6-3 (Groundball, 6)
|
Top of the 6th over - 0 run(s), 0 hit(s), 0 error(s), 0 left on base; Kentucky 6 - Mississippi 0 |
BOTTOM OF THE 6TH |
Mississippi Rebels batting - Pitching for Kentucky Wildcats : RHP Jorge Bonella
|
Batting: RHB Jesús Pérez
|
0-0: Fly out, F9 (Flyball, 89M)
|
Batting: RHB Jon Waller
|
0-0: Ball 1-0: Ball 2-0: Ball 3-0: Base on Balls
|
Batting: RHB Owen Parra
|
0-0: Ball 1-0: Ball 2-0: Foul Ball, location: 2F 2-1: Ball 3-1: Swinging Strike 3-2: Strikes out swinging
|
Batting: LHB Ryan Miller
|
0-0: Ball 1-0: Ball 2-0: Ball 3-0: Foul Ball, location: 2F 3-1: Fly out, F3 (Line Drive, 3)
|
Bottom of the 6th over - 0 run(s), 0 hit(s), 0 error(s), 1 left on base; Kentucky 6 - Mississippi 0 |
TOP OF THE 7TH |
Kentucky Wildcats batting - Pitching for Mississippi Rebels : RHP Chris Roy
|
Batting: LHB Mark Sanders
|
0-0: Called Strike 0-1: DOUBLE (Flyball, 7D)
|
Batting: RHB Haywood Young
|
0-0: Ball 1-0: Ball 2-0: Ball 3-0: Called Strike 3-1: Base on Balls
|
Batting: RHB Jacob Burke
|
0-0: Ball 1-0: Foul Ball, location: 2F 1-1: Called Strike 1-2: Foul Ball, location: 2F 1-2: Foul Ball, location: 2F 1-2: Ball 2-2: Foul Ball, location: 2F 2-2: Ball 3-2: Base on Balls Mark Sanders to third Haywood Young to second
|
Batting: RHB Johnny Carson
|
0-0: Ball 1-0: Ball 2-0: Called Strike 2-1: Foul Ball, location: 2F 2-2: Grounds into double play, 5-4-3 (Groundball, 56) Mark Sanders scores Haywood Young to third
|
Batting: RHB Andy Johnston
|
0-0: Swinging Strike 0-1: Ball 1-1: Foul Ball, location: 2F 1-2: Ball 2-2: Strikes out swinging
|
Top of the 7th over - 1 run(s), 1 hit(s), 0 error(s), 1 left on base; Kentucky 7 - Mississippi 0 |
BOTTOM OF THE 7TH |
Mississippi Rebels batting - Pitching for Kentucky Wildcats : RHP Jorge Bonella
|
Pitching: RHP Bryant Hatcher
|
|
Batting: RHB Lou Hammond
|
0-0: SINGLE (Groundball, 56D)
|
Batting: LHB John Allen
|
0-0: Called Strike 0-1: Called Strike 0-2: Strikes out swinging
|
Batting: SHB Jack Hendrix
|
0-0: Ball 1-0: Called Strike 1-1: Fly out, F8 (Flyball, 89S)
|
Batting: RHB Jesús Estrada
|
0-0: Ball 1-0: Called Strike Lou Hammond is caught stealing 2nd base
|
Bottom of the 7th over - 0 run(s), 1 hit(s), 0 error(s), 0 left on base; Kentucky 7 - Mississippi 0 |
TOP OF THE 8TH |
Kentucky Wildcats batting - Pitching for Mississippi Rebels : RHP Chris Roy
|
Batting: LHB Caden Cleveland
|
0-0: Called Strike 0-1: Swinging Strike 0-2: Strikes out swinging
|
Pitching: RHP Mike Vincent
|
|
Batting: RHB Lewis Childress
|
0-0: Called Strike 0-1: SOLO HOME RUN (Flyball, 78D), Distance : 369 ft
|
Batting: LHB Matt Taylor
|
0-0: Fly out, F9 (Flyball, 9)
|
Batting: RHB Pat Johnston
|
0-0: Ball 1-0: Ball 2-0: Called Strike 2-1: Swinging Strike 2-2: SINGLE (Line Drive, 8LS)
|
Batting: LHB Mark Sanders
|
0-0: Ball 1-0: Ball 2-0: Ball 3-0: Called Strike 3-1: Swinging Strike 3-2: Foul Ball, location: 2F 3-2: Foul Ball, location: 2F 3-2: Strikes out looking
|
Top of the 8th over - 1 run(s), 2 hit(s), 0 error(s), 1 left on base; Kentucky 8 - Mississippi 0 |
BOTTOM OF THE 8TH |
Mississippi Rebels batting - Pitching for Kentucky Wildcats : RHP Bryant Hatcher
|
Batting: RHB Jesús Estrada
|
0-0: Foul Ball, location: 2F 0-1: Foul Ball, location: 2F 0-2: Fly out, F9 (Flyball, 9LM)
|
Batting: RHB Mac Clark
|
0-0: Foul Ball, location: 2F 0-1: Ball 1-1: Fly out, F9 (Flyball, 9LSF)
|
Batting: RHB Jesús Pérez
|
0-0: Ball 1-0: Called Strike 1-1: Called Strike 1-2: Strikes out swinging
|
Bottom of the 8th over - 0 run(s), 0 hit(s), 0 error(s), 0 left on base; Kentucky 8 - Mississippi 0 |
TOP OF THE 9TH |
Kentucky Wildcats batting - Pitching for Mississippi Rebels : RHP Mike Vincent
|
Batting: RHB Haywood Young
|
0-0: Ball 1-0: Ball 2-0: Ball 3-0: Called Strike 3-1: Foul Ball, location: 2F 3-2: Strikes out swinging
|
Batting: RHB Jacob Burke
|
0-0: Ball 1-0: Ball 2-0: Ball 3-0: Base on Balls
|
Batting: RHB Johnny Carson
|
0-0: Grounds into double play, 1-6-3 (Groundball, P)
|
Top of the 9th over - 0 run(s), 0 hit(s), 0 error(s), 0 left on base; Kentucky 8 - Mississippi 0 |
BOTTOM OF THE 9TH |
Mississippi Rebels batting - Pitching for Kentucky Wildcats : RHP Bryant Hatcher
|
Batting: RHB Jon Waller
|
0-0: Called Strike 0-1: Called Strike 0-2: Ball 1-2: Ball 2-2: Ball 3-2: Base on Balls
|
Batting: RHB Owen Parra
|
0-0: Ball 1-0: Foul Ball, location: 2F 1-1: Called Strike 1-2: SINGLE (Line Drive, 34) Jon Waller to second
|
Batting: LHB Ryan Miller
|
0-0: Ball 1-0: Called Strike 1-1: Swinging Strike 1-2: Foul Ball, location: 2F 1-2: Ball 2-2: Foul Ball, location: 2F 2-2: Foul Ball, location: 2F 2-2: Ball 3-2: Base on Balls Jon Waller to third Owen Parra to second
|
Batting: RHB Lou Hammond
|
0-0: Ball 1-0: Foul Ball, location: 2F 1-1: Ball 2-1: Foul Ball, location: 2F 2-2: Foul Ball, location: 2F 2-2: Fly out, F8 (Flyball, 8LM) Runner from 3rd tags up, SCORES, no throw
|
Batting: LHB John Allen
|
0-0: Grounds into double play, 6-4-3 (Groundball, 6)
|
Bottom of the 9th over - 1 run(s), 1 hit(s), 0 error(s), 1 left on base; Kentucky 8 - Mississippi 1 |
|